[ AOE2 MATCH · #507069992 ]
UnrankedMongols vs Khmer
Player's team · LOSS
Rival team · WIN
[ REPLAY ANALYSIS · EXTRACTED FROM THE RECORDED GAME ]
Feudal
8:26
Castle
20:40
Imperial
—
| APM avg | 32.0 |
| APM peak | 69 |
| eAPM avg | 17.1 |
| Villagers / military | 39 / 4 |
Focus
⚔️ 24.2% · 🌾 75.8%
Militia ×3 · Mangonel ×1
Feudal
9:56
Castle
12:53
Imperial
—
| APM avg | 30.2 |
| APM peak | 60 |
| eAPM avg | 13.9 |
| Villagers / military | 32 / 12 |
Focus
⚔️ 25.6% · 🌾 74.4%
Battering Ram ×5 · Scorpion ×4 · Knight ×3
Match map
Initial resources + every placement click. Lines = walls · curves = elevation contours. ◆ gold · ⬟ stone · ● berries · ✦ relic · ◌ wall gap
Your base· ✓ Closed at 20:40 · 3t walls · 4 gate(s)
NarcoGalego's base· ✓ Closed at 12:53 · 18t walls · 4 gate(s)
Smoothed initial terrain · ◌ = detected wall gap · hover for details
Inputs per minute
— SaleMajstor - - NarcoGalego
Build order — SaleMajstor
95 actions detected in the replay
| 0:01 | Queue | Villager (Male) |
| 0:01 | Queue | Villager (Male) |
| 0:02 | Queue | Villager (Male) |
| 0:02 | Queue | Villager (Male) |
| 0:02 | Queue | Villager (Male) |
| 0:03 | Build | House |
| 0:04 | Build | House |
| 1:34 | Queue | Villager (Male) |
| 1:56 | Build | Lumber Camp |
| 2:01 | Queue | Villager (Male) |
| 2:09 | Build | House |
| 2:17 | Queue | Villager (Male) |
| 2:33 | Queue | Villager (Male) |
| 2:52 | Queue | Villager (Male) |
| 3:04 | Queue | Villager (Male) |
| 3:13 | Queue | Villager (Male) |
| 3:25 | Queue | Villager (Male) |
| 4:07 | Queue | Villager (Male) |
| 4:22 | Queue | Villager (Male) |
| 5:22 | Build | Barracks |
| 5:38 | Research | Loom |
| 5:42 | Build | House |
| 6:16 | Research | Feudal Age |
| 6:17 | Queue | Militia |
| 6:33 | Build | House |
| 6:41 | Queue | Militia |
| 7:03 | Queue | Militia |
| 7:34 | Queue | Villager (Male) |
| 7:38 | Build | Mining Camp |
| 8:26 | Age | Feudal Age |
| 8:29 | Research | Man-at-Arms (upgrade) |
| 8:34 | Build | Mill |
| 8:37 | Queue | Villager (Male) |
| 9:07 | Queue | Villager (Male) |
| 9:25 | Build | Watch Tower |
| 9:27 | Queue | Villager (Male) |
| 9:51 | Queue | Villager (Male) |
| 10:28 | Build | Watch Tower |
| 10:40 | Queue | Villager (Male) |
| 10:42 | Build | Farm |
| 10:43 | Build | Farm |
| 10:50 | Build | House |
| 10:55 | Queue | Villager (Male) |
| 11:05 | Build | House |
| 11:18 | Queue | Villager (Male) |
| 11:37 | Queue | Villager (Male) |
| 11:54 | Queue | Villager (Male) |
| 12:07 | Build | Blacksmith |
| 12:09 | Queue | Villager (Male) |
| 12:26 | Queue | Villager (Male) |
| 12:34 | Build | Watch Tower |
| 12:50 | Research | Fletching |
| 12:55 | Build | Farm |
| 13:03 | Queue | Villager (Male) |
| 13:12 | Build | Farm |
| 13:15 | Build | Farm |
| 13:30 | Queue | Villager (Male) |
| 13:44 | Build | Farm |
| 13:48 | Build | Farm |
| 14:11 | Queue | Villager (Male) |
| 14:23 | Build | Mining Camp |
| 14:28 | Queue | Villager (Male) |
| 14:31 | Build | Farm |
| 14:57 | Queue | Villager (Male) |
| 15:16 | Queue | Villager (Male) |
| 15:24 | Build | Watch Tower |
| 15:28 | Build | House |
| 15:46 | Build | Mill |
| 15:50 | Queue | Villager (Male) |
| 16:03 | Build | House |
| 16:31 | Queue | Villager (Male) |
| 16:32 | Queue | Villager (Male) |
| 16:41 | Build | Market |
| 16:47 | Queue | Villager (Male) |
| 17:23 | Build | House |
| 17:43 | Build | Mining Camp |
| 17:50 | Build | House |
| 18:00 | Research | Castle Age |
| 19:01 | Build | House |
| 19:05 | Build | Palisade Wall |
| 19:09 | Build | House |
| 19:12 | Build | Palisade Wall |
| 19:15 | Build | Palisade Wall |
| 19:19 | Queue | Villager (Male) |
| 19:48 | Queue | Villager (Male) |
| 20:40 | Age | Castle Age |
| 20:42 | Build | Siege Workshop |
| 20:58 | Build | House |
| 21:08 | Build | Monastery |
| 21:13 | Queue | Mangonel |
| 21:18 | Build | Palisade Wall |
| 21:29 | Build | House |
| 21:33 | Build | House |
| 21:36 | Build | House |
| 21:46 | Build | Palisade Wall |
Build order — NarcoGalego
90 actions detected in the replay
| 0:01 | Queue | Villager (Male) |
| 0:01 | Queue | Villager (Male) |
| 0:01 | Queue | Villager (Male) |
| 0:02 | Queue | Villager (Male) |
| 0:02 | Queue | Villager (Male) |
| 0:04 | Build | House |
| 0:05 | Build | House |
| 1:29 | Queue | Villager (Male) |
| 1:46 | Build | Lumber Camp |
| 2:04 | Queue | Villager (Male) |
| 2:46 | Queue | Villager (Male) |
| 2:56 | Queue | Villager (Male) |
| 2:57 | Queue | Villager (Male) |
| 3:28 | Queue | Villager (Male) |
| 3:28 | Queue | Villager (Male) |
| 4:06 | Build | House |
| 4:07 | Build | House |
| 4:51 | Queue | Villager (Male) |
| 4:51 | Queue | Villager (Male) |
| 4:51 | Queue | Villager (Male) |
| 4:51 | Queue | Villager (Male) |
| 4:52 | Queue | Villager (Male) |
| 4:57 | Build | Mill |
| 5:10 | Queue | Villager (Male) |
| 5:10 | Queue | Villager (Male) |
| 5:52 | Queue | Villager (Male) |
| 6:24 | Research | Loom |
| 7:00 | Build | Mining Camp |
| 7:34 | Research | Feudal Age |
| 9:56 | Age | Feudal Age |
| 9:58 | Build | House |
| 10:05 | Build | Watch Tower |
| 10:10 | Build | Palisade Wall |
| 10:13 | Research | Castle Age |
| 10:29 | Build | House |
| 10:48 | Build | Palisade Wall |
| 10:49 | Build | Palisade Wall |
| 10:50 | Build | Palisade Wall |
| 10:51 | Build | Palisade Wall |
| 10:52 | Build | Palisade Wall |
| 11:47 | Build | Stone Wall |
| 11:48 | Build | Stone Wall |
| 11:48 | Build | Stone Wall |
| 11:49 | Build | Stone Wall |
| 12:13 | Build | Stone Wall |
| 12:22 | Build | Stone Wall |
| 12:27 | Build | Stable |
| 12:47 | Build | House |
| 12:53 | Age | Castle Age |
| 13:00 | Build | Siege Workshop |
| 13:16 | Queue | Knight |
| 13:21 | Queue | Villager (Male) |
| 13:26 | Build | Farm |
| 13:56 | Build | Stone Wall |
| 13:57 | Build | Stone Wall |
| 14:04 | Queue | Scorpion |
| 14:05 | Queue | Battering Ram |
| 14:07 | Build | House |
| 14:44 | Queue | Scorpion |
| 14:52 | Build | House |
| 15:31 | Build | House |
| 15:48 | Queue | Battering Ram |
| 15:48 | Queue | Scorpion |
| 16:10 | Queue | Villager (Male) |
| 16:22 | Build | House |
| 16:32 | Build | Farm |
| 16:32 | Build | Farm |
| 16:52 | Build | House |
| 17:27 | Queue | Scorpion |
| 17:31 | Build | Farm |
| 17:33 | Queue | Villager (Male) |
| 17:33 | Queue | Villager (Male) |
| 17:46 | Queue | Knight |
| 19:00 | Queue | Battering Ram |
| 19:09 | Queue | Villager (Male) |
| 19:10 | Queue | Villager (Male) |
| 19:26 | Queue | Villager (Male) |
| 19:29 | Build | House |
| 19:38 | Queue | Battering Ram |
| 19:38 | Queue | Battering Ram |
| 20:06 | Build | Farm |
| 20:14 | Queue | Knight |
| 20:34 | Build | Farm |
| 20:36 | Queue | Villager (Male) |
| 21:07 | Build | Farm |
| 21:56 | Queue | Villager (Male) |
| 21:56 | Queue | Villager (Male) |
| 22:24 | Queue | Villager (Male) |
| 22:24 | Queue | Villager (Male) |
| 22:32 | Build | Stable |
Match timeline
| 5:22 | SaleMajstor · first_building Barracks |
| 8:26 | SaleMajstor · age_up feudal |
| 9:56 | NarcoGalego · age_up feudal |
| 10:10 | NarcoGalego · wall_segment Palisade Wall x1 |
| 10:48 | NarcoGalego · wall_segment Palisade Wall x1 |
| 10:49 | NarcoGalego · wall_segment Palisade Wall x1 |
| 10:50 | NarcoGalego · wall_segment Palisade Wall x1 |
| 10:51 | NarcoGalego · wall_segment Palisade Wall x1 |
| 10:52 | NarcoGalego · wall_segment Palisade Wall x1 |
| 11:47 | NarcoGalego · wall_segment Stone Wall x1 |
| 11:48 | NarcoGalego · wall_segment Stone Wall x1 |
| 11:48 | NarcoGalego · wall_segment Stone Wall x1 |
| 11:49 | NarcoGalego · wall_segment Stone Wall x1 |
| 12:13 | NarcoGalego · wall_segment Stone Wall x7 |
| 12:22 | NarcoGalego · wall_segment Stone Wall x1 |
| 12:27 | NarcoGalego · first_building Stable |
| 12:53 | NarcoGalego · age_up castle |
| 13:00 | NarcoGalego · first_building Siege Workshop |
| 13:56 | NarcoGalego · wall_segment Stone Wall x1 |
| 13:57 | NarcoGalego · wall_segment Stone Wall x1 |
| 19:05 | SaleMajstor · wall_segment Palisade Wall x1 |
| 19:12 | SaleMajstor · wall_segment Palisade Wall x1 |
| 19:15 | SaleMajstor · wall_segment Palisade Wall x1 |
| 20:03 | SaleMajstor · first_market_buy 100 wood |
| 20:40 | SaleMajstor · age_up castle |
| 20:42 | SaleMajstor · first_building Siege Workshop |
| 21:08 | SaleMajstor · first_building Monastery |
| 21:18 | SaleMajstor · wall_segment Palisade Wall x1 |
| 21:46 | SaleMajstor · wall_segment Palisade Wall x1 |
| 22:34 | SaleMajstor · resign |
[ AI ANALYSIS · 1 CREDIT ]
What really happened in this match?
Wolo.gg analyzes every decision: build order, eco, micro, common mistakes by bracket. Personalized analysis on WhatsApp or Discord in 30 seconds.
Civ guide
Mongols
Perfil
Jugador #7376435